 Dungeon Crawl Stone Soup version 0.31.0-4-g52a2dc7128 (webtiles) character file.

Game seed: 7466134655639682550

25 Daunt the Ruffian (level 2, 26/28 HPs)
             Began as a Troll Gladiator on Jan 23, 2024.
             Was a Follower of Lugonu.
             Quit the game on level 1 of the Dungeon.
             The game lasted 00:01:18 (207 turns).

Daunt the Ruffian (Troll Gladiator)                  Turns: 207, Time: 00:01:19

Health: 26/28      AC:  4    Str: 21    XL:     2   Next: 86%
Magic:  1/1        EV: 10    Int:  4    God:    Lugonu [*.....]
Gold:   18         SH:  0    Dex: 11    Spells: 1/1 levels left

rFire   . .          .
                       - Unarmed
rCold   . . .        (no shield)
rNeg    . . .        a - +0 robe
rPois   .            b - +0 hat
rElec   .            (no cloak)
rCorr   .            (gloves unavailable)
SInv    .            (boots unavailable)
Will    .....        (no amulet)
Stlth   +            (no ring)
HPRegen 1.04/turn    (no ring)
MPRegen 0.07/turn

%: no passive effects
@: no status effects
A: large, unfitting armour, claws 3, regeneration 1, shaggy fur 1, tough skin 1
a: Renounce Religion, Depart the Abyss


You were on level 1 of the Dungeon.
You worshipped Lugonu.
Lugonu was aware of your devotion.
You visited 1 branch of the dungeon, and saw 1 of its levels.

You collected 18 gold pieces.

Inventory:

Missiles
 c - 3 throwing nets (quivered)
 d - a large rock
 f - 6 stones
Armour
 a - a +0 robe (worn)
 b - a +0 hat (worn)
Scrolls
 g - a scroll of enchant weapon {unknown}
Potions
 e - a potion of curing {unknown}
 h - a potion of ambrosia {unknown}


   Skills:
 + Level 2.0 Fighting
 - Level 1.7 Throwing
 - Level 2.4 Dodging
 * Level 3.8 Unarmed Combat


You had one spell level left.
You didn't know any spells.
Your spell library contained the following spells:

 Spells                   Type           Power      Damage    Failure   Level
 Static Discharge         Conj/Air       0%         3-3/arc   65%         2
 Airstrike                Air            0%         2d(0-16)  99%         4
 Summon Lightning Spire   Summ/Air       0%         N/A       99%         4


Dungeon Overview and Level Annotations

Branches:
Dungeon (1/15)

Altars:
Lugonu

Shops:
D:1 :


Innate Abilities, Weirdness & Mutations

You are too large for most types of armour.
You have claws for hands.
Your natural rate of healing is unusually fast.
You are covered in fur. (AC +1)
You have tough skin. (AC +1)


Message History

The plant is lightly damaged.
No reachable target in view!
No reachable target in view!
No reachable target in view!
No reachable target in view!
No reachable target in view!
No reachable target in view!
No reachable target in view!
You claw the plant!
The plant is lightly damaged.
You claw the plant!
The plant is lightly damaged.
You scratch the plant but do no damage.
The plant is lightly damaged.
A nearby plant withers and dies.
You scratch the quokka.
The quokka is heavily wounded.
The quokka bites you.
You barely miss the quokka. Your claw misses the quokka.
The quokka is heavily wounded.
The quokka twitches its whiskers.
The quokka bites you.
You claw the quokka!
You kill the quokka!
No target in view!
No target in view!
There is a faded altar of an unknown god here.
This altar belongs to (a) Xom, (b) Lugonu or (c) Jiyva, but you can't tell which.
Press the corresponding letter to learn more about a god, or press enter to convert or escape to cancel.
Okay, then.
Unknown command.
Press < or > to pray at altars.
This altar belongs to (a) Xom, (b) Lugonu or (c) Jiyva, but you can't tell which.
Press the corresponding letter to learn more about a god, or press enter to convert or escape to cancel.
Lugonu accepts your prayer! Lugonu welcomes you!
You can now depart the Abyss.
Unknown command.
Press < or > to pray at altars.
Unknown command.
Press < or > to pray at altars.
Are you sure you want to abandon this character and quit the game? (Confirm with "yes".)

#...........≈...
#..##...#.#.§§≈.§
..............≈...
############..#...###
...#.#.P.#...#####
..#.#.#.#.#.#..##
......†..PP....#
.#.#.#.#.#.#..#
#@#...#..# #.#.#.#..#
.PPP.PP..#
.#P#.#.#..# ##
..#.#...#..# .. ##
########.# #


There were no monsters in sight!

Vanquished Creatures
  A dart slug (D:1)
  A bat (D:1)
  2 endoplasms (D:1)
  2 giant cockroaches (D:1)
  2 goblins (D:1)
  A hobgoblin (D:1)
  4 jackals (D:1)
  A quokka (D:1)
  3 ball pythons (D:1)
  A kobold (D:1)
  3 rats (D:1)
21 creatures vanquished.

Notes
Turn   | Place    | Note
-------+----------+-------------------------------------------
     0 | D:1      | Daunt the Troll Gladiator began the quest for the Orb.
     0 | D:1      | Reached XP level 1. HP: 19/19 MP: 0/0
    77 | D:1      | Reached XP level 2. HP: 28/28 MP: 1/1
    94 | D:1      | Found Izewkit's Vocational Training.
   190 | D:1      | Found a faded altar of an unknown god.
   206 | D:1      | Prayed at the altar of an unknown god.
   206 | D:1      | Became a worshipper of Lugonu the Unformed
   206 | D:1      | Reached * piety under Lugonu
   207 | D:1      | Quit the game

Illustrated notes

Levels and vault maps discovered:
D:1:      lemuel_arrival_rhombus, layout_basic,
          shapermc_ecumenical_altar_mp_urbaneastern, kennysheep_doodads,
          grunt_decor_resistance, nicolae_shop_vocational

Skill      XL: |  1  2 |
---------------+-------+-----
Fighting       | 2 |  2.0
Throwing       | |  1.7
Dodging        | |  2.4
Unarmed Combat | |  3.8

Action                     || total
---------------------------++-------
  Melee: Unarmed           ||    48
 Armour: Robe              ||    20
  Dodge: Dodged            ||    17
